 Dungeon Sprint DCSS version 0.20-b1 (webtiles) character file.

2345 galech the Blocker (level 9, 63/91 (94) HPs)
             Began as a Deep Dwarf Fighter on May 19, 2017.
             Was a Priest of Makhleb.
             Quit the game in the Dungeon (Sprint V: "Ziggurat Sprint").
             The game lasted 00:03:44 (172 turns).

galech the Blocker (Deep Dwarf Fighter)              Turns: 172, Time: 00:03:45

HP:   63/91 (94)    AC: 30    Str: 34    XL:     9   Next: 20%
MP:   13/13         EV:  5    Int: 10    God:    Makhleb [***...]
Gold: 0             SH: 32    Dex: 12    Spells: 13/13 levels left

rFire    . . .     SeeInvis +   O - +14 obsidian axe {chop, +Fly SInv *Curse} (curse)
rCold    . . .     Gourm    .   N - +18 shield of the Gong {rElec rN+ MR+ EV-5}
rNeg     + . .     Faith    .   M - +15 Maxwell's patent armour {-Cast -Tele rElec MR+ rCorr}
rPois    .         Spirit   .   (no helmet)
rElec    +         Reflect  .   (no cloak)
rCorr    +         Harm     .   (no gloves)
MR       +++..     NoTele   +   (no boots) Stlth ..........NoCast +
                                (no amulet)
Regen    0.0/turn               F - +6 ring of strength
MPRegen  0.2/turn               G - +6 ring of strength

@: mildly poisoned (63 -> 63), mesmerised, non-regenerating
A: damage resistance, heal wounds, sense surroundings 2, no regeneration
a: Heal Wounds, Minor Destruction, Lesser Servant of Makhleb, Renounce Religion,
Evoke Flight


You were in the Dungeon.
You worshipped Makhleb.
Makhleb was most pleased with you.
You were not hungry.

You visited 1 branch

Inventory:

Hand Weapons
 a - a +0 war axe
 L - the +10 dark maul {crush}
   (You found it in the Dungeon)

   It inflicts extra damage upon your enemies.
 O - the cursed +14 obsidian axe (weapon) {chop, +Fly SInv *Curse}
   (You found it in the Dungeon)

   It inflicts extra damage upon your enemies.
   It lets you see invisible.
   It lets you fly.
   It curses itself when equipped.
   It has a curse placed upon it.
Armour
 b - a +0 scale mail
 c - a +0 shield
 l - a +5 crystal plate armour
 m - a +3 large shield
 M - the +15 Maxwell's patent armour (worn) {-Cast -Tele rElec MR+ rCorr}
   (You found it in the Dungeon)

   It insulates you from electricity.
   It affects your resistance to hostile enchantments.
   It prevents spellcasting.
   It prevents most forms of teleportation.
   It protects you from acid and corrosion.
 N - the +18 shield of the Gong (worn) {rElec rN+ MR+ EV-5}
   (You found it in the Dungeon)

   It affects your evasion (-5).
   It insulates you from electricity.
   It protects you from negative energy.
   It affects your resistance to hostile enchantments.
Jewellery
 B - a +6 ring of dexterity
 C - a +6 ring of dexterity
 D - a +6 ring of intelligence
 E - a +6 ring of intelligence
 F - a +6 ring of strength (left hand)
 G - a +6 ring of strength (right hand)
Wands
 H - a wand of disintegration (7/24)
 I - a wand of iceblast (5/15)
 J - a wand of lightning (5/15)
 K - a wand of acid (5/15)
Scrolls
 k - 4 scrolls of blinking
 s - 4 scrolls of amnesia
 t - 3 scrolls of recharging
 u - 7 scrolls of fog
 v - a scroll of holy word
 w - 5 scrolls of identify
 x - 5 scrolls of remove curse
 y - 2 scrolls of fear
Potions
 d - 6 potions of might
 e - 10 potions of curing
 g - 10 potions of heal wounds
 h - 6 potions of haste
 i - 7 potions of magic
 j - 3 potions of berserk rage
 n - 2 potions of brilliance
 o - 2 potions of invisibility
 p - 4 potions of resistance
 r - 5 potions of agility
Comestibles
 f - 5 bread rations
 z - 42 fruits
 A - 4 meat rations


   Skills:
 + Level 10.3 Fighting
 + Level 10.0 Axes
 + Level 11.7 Armour
 + Level 3.8 Dodging
 + Level 12.2 Shields
 + Level 2.7 Spellcasting


You had 13 spell levels left.
You didn't know any spells.

Dungeon Overview and Level Annotations

Branches:
Dungeon (1/1)

Altars:
Ashenzari
Cheibriados
Dithmenos
Elyvilon
Fedhas
Gozag
Hepliaklqana
Kikubaaqudgha
Makhleb
Nemelex Xobeh
Okawaru
Qazlal
Ru
Sif Muna
Trog
Uskayaw
Vehumet
Xom
Yredelemnul
Zin
The Shining One
Beogh
Jiyva
Lugonu

Annotations:
D 1 transporter


Innate Abilities, Weirdness & Mutations

You are resistant to damage.
You can heal yourself by infusing magical energy.
You passively map the area around you.
You do not regenerate.


Message History

You feel better. You block the hell hound's attack.
BONNNG!
Your red devil hits the hell hound from afar with a demon trident of venom!
You break out of your daze!
The hell hound dies!
Makhleb accepts your kill.
Your Axes skill increases to level 10!
Your smoke demon hits the adder zombie!
Your smoke demon misses the adder zombie.
Your smoke demon hits the adder zombie.
The adder zombie bites your smoke demon but does no damage.
You catch the helpless adder zombie completely off-guard!
You slash the adder zombie!
You destroy the adder zombie!
Makhleb accepts your kill.
You feel better.
You slash the iron imp!
Visions of slaying the iron imp flood into your mind.
You block the iron imp's attack.
GONNNNG!
Are you sure you want to abandon this character and quit the game? (Confirm with "yes".)

,*▓..(..▓.....▓▓▓▓▓▓▓
, , , ▓▓▓▓▓▓▓▓▓▓▓▓▓▓
* * ,, * ▓..8©8...▓,
, * , ▓..|.:...▓ ,,,
, , ▓...[....▓ * * *
*▓........▓ , ©8 ,
..4.....▓ , * , ,
▓.▓3.4.▓.▓, * , ,,
,▓..†@5...▓ , ,
▓▓▓▓▓▓▓▓▓▓ * * , , ,8
8, , , ,, , , , ,,,
*, , ,,, , , ,, , , ,
, ,, , * ,* , , , ,
,, , , * * , , ,, ,


You could see an iron imp, a friendly hellwing, a friendly smoke demon and a
friendly red devil.

Vanquished Creatures
  A dancing weapon (D)
  A deep elf mage (D)
  A guardian mummy (D)
  A jumping spider (D)
  An earth elemental (D)
  A scorpion (D)
  2 mummies (D)
  An adder zombie (D)
  A bat skeleton (D)
10 creatures vanquished.

Vanquished Creatures (collateral kills)
  A deep elf knight (D)
  A hell hound (D)
2 creatures vanquished.

Grand Total: 12 creatures vanquished

Notes
Turn   | Place    | Note
-------+----------+-------------------------------------------
     0 | D        | galech the Deep Dwarf Fighter began the quest for the Orb.
     0 | D        | Reached XP level 1. HP: 20/20 MP: 1/1
     3 | D        | Found a blossoming altar of Fedhas.
     7 | D        | Found a deep blue altar of Sif Muna.
     7 | D        | Found a sacrificial altar of Ru.
     7 | D        | Found a bloodstained altar of Trog.
     7 | D        | Found a stormy altar of Qazlal.
     7 | D        | Found an iron altar of Okawaru.
     7 | D        | Found a sparkling altar of Nemelex Xobeh.
     9 | D        | Found an ancient bone altar of Kikubaaqudgha.
     9 | D        | Found a viscous altar of Jiyva.
     9 | D        | Found a corrupted altar of Lugonu.
     9 | D        | Found a hazy altar of Hepliaklqana.
     9 | D        | Found a burning altar of Makhleb.
     9 | D        | Found an opulent altar of Gozag.
    80 | D        | Became a worshipper of Makhleb the Destroyer
    94 | D        | Entered arena 2.
    94 | D        | Noticed a scorpion
    94 | D        | Noticed a jumping spider
    96 | D        | Killed a scorpion
    96 | D        | Reached skill level 5 in Armour
    96 | D        | Reached skill level 5 in Shields
    96 | D        | Reached XP level 2. HP: 31/31 MP: 2/2
    96 | D        | Reached XP level 3. HP: 37/37 MP: 3/3
    99 | D        | Killed a jumping spider
    99 | D        | Reached skill level 8 in Shields
    99 | D        | Reached XP level 4. HP: 34/49 MP: 4/4
    99 | D        | Reached XP level 5. HP: 39/56 MP: 5/5
   100 | D        | Reached skill level 9 in Shields
   100 | D        | Reached XP level 6. HP: 46/66 MP: 5/10
   145 | D        | Entered arena 3.
   145 | D        | Noticed a guardian mummy
   148 | D        | Reached * piety under Makhleb
   149 | D        | Killed a guardian mummy
   149 | D        | Reached skill level 10 in Shields
   149 | D        | Reached XP level 7. HP: 64/72 MP: 11/11
   154 | D        | Entered arena 4.
   154 | D        | Noticed a deep elf knight
   154 | D        | Noticed a deep elf mage
   154 | D        | Noticed a short sword of venom
   159 | D        | Killed a short sword of venom
   159 | D        | Reached ** piety under Makhleb
   159 | D        | Reached skill level 10 in Armour
   159 | D        | Reached skill level 11 in Shields
   159 | D        | Reached XP level 8. HP: 60/82 MP: 12/12
   161 | D        | Killed a deep elf mage
   161 | D        | Killed a deep elf knight
   161 | D        | Reached skill level 10 in Fighting
   161 | D        | Reached skill level 12 in Shields
   161 | D        | Gained mutation: You passively map the area around you. [Deep Dwarf growth]
   161 | D        | Reached XP level 9. HP: 58/90 MP: 13/13
   168 | D        | Entered arena 5.
   170 | D        | Reached *** piety under Makhleb
   170 | D        | Reached skill level 10 in Axes
   172 | D        | Quit the game

Skill      XL: |  1  2  3  4  5  6  7  8  9 |
---------------+----------------------------+-----
Fighting       | 4 6 7 8 9 10 | 10.3
Armour         | 5 7 8 9 10 11 | 11.7
Shields        | 5 8 9 10 11 12 | 12.2
Axes           | 4 6 8 9 10 | 10.0
Dodging        | 3 |  3.8
Spellcasting   | 2 |  2.7

Action                   |  1- 3 |  4- 6 |  7- 9 || total
-------------------------+-------+-------+-------++-------
Melee: Broad axe         |     3 |     2 |    10 ||    15
  Use: Potion            |       |     1 |       ||     1
 Stab: Distracted        |       |       |     1 ||     1
Armor: Plate armour      |     1 |       |     4 ||     5
Block: Shield            |     7 |     1 |    18 ||    26
